 Dungeon Crawl Stone Soup version 0.20-a0-854-g0cc194a (console) character file.

837 nht the Cleaver (level 7, 0/56 HPs)
             Began as a Hill Orc Gladiator on Mar 11, 2017.
             Was a Follower of Beogh.
             Succumbed to an orc's poison
             ... on level 5 of the Dungeon.
             The game lasted 00:05:30 (3562 turns).

nht the Cleaver (Hill Orc Gladiator)                Turns: 3562, Time: 00:05:31

Health: 0/56       AC: 11    Str: 19    XL:     7   Next: 99%
Magic:  7/7        EV:  6    Int:  8    God:    Beogh [*.....]
Gold:   249        SH:  0    Dex: 12    Spells: 6/6 levels left

rFire    . . .     SeeInvis .   c - -3 war axe (curse)
rCold    . . .     Gourm    .   z - +0 plate armour
rNeg     . . .     Faith    .   (no shield)
rPois    .         Spirit   .   b - +0 helmet
rElec    .         Reflect  .   (no cloak)
rCorr    .         Harm     .   (no gloves)
MR       +....                  (no boots)
Stlth    ..........             x - amulet of rage
Regen    0.2/turn               A - ring of protection from magic
MPRegen  0.1/turn               e - ring of loudness

@: lethally poisoned (0 -> -7)
A: no striking features
a: Renounce Religion, Evoke Berserk Rage


You were on level 5 of the Dungeon.
You worshipped Beogh.
Beogh was aware of your devotion.
You were hungry.

You visited 1 branch of the dungeon, and saw 5 of its levels.

You collected 249 gold pieces.

Inventory:

Hand Weapons
 a - a +1 war axe
 c - a cursed -3 war axe (weapon)
Missiles
 d - 3 throwing nets (quivered)
 i - 3 javelins
 k - 11 tomahawks
Armour
 b - a +0 helmet (worn)
 z - a +0 plate armour (worn)
Jewellery
 e - a ring of loudness (left hand)
 x - an amulet of rage (around neck)
 A - a ring of protection from magic (right hand)
Scrolls
 s - a scroll of teleportation
Potions
 j - a potion of mutation
Comestibles
 f - 3 bread rations
 o - a meat ration


   Skills:
 - Level 2.4 Fighting
 + Level 11.7 Axes
 - Level 1.7 Throwing
 - Level 2.4 Dodging


You had 6 spell levels left.
You didn't know any spells.

Dungeon Overview and Level Annotations

Branches:
Dungeon (5/15)             Temple (0/1) D:4

Altars:
The Shining One

Shops:
D:4 (


Message History

* * * LOW HITPOINT WARNING * * *
You feel sick.
* * * LOW HITPOINT WARNING * * *
You feel sick.
You see here a plate armour.
* * * LOW HITPOINT WARNING * * *
You feel sick.
Things that are here:
a dagger; an orc corpse
* * * LOW HITPOINT WARNING * * *
You feel sick.
* * * LOW HITPOINT WARNING * * *
You feel sick.
* * * LOW HITPOINT WARNING * * *
You feel sick.
* * * LOW HITPOINT WARNING * * *
You feel sick.
* * * LOW HITPOINT WARNING * * *
You feel sick.
You die...

█.. █.██.... ..██
█.██.........
█.██...█.█.█
█.██..>....███
█.██.[.█.█.█.
█.██........█
█.██...█....█
█†███..███.@███..
█)†.[)...........█
█████..██████.████
█..█ .█ █..█ █
████████..██
...........█
████████..)█████.█
█.).).....█


There were no monsters in sight!

Vanquished Creatures
  3 ogres (D:4)
  A water moccasin skeleton (D:4)
  A howler monkey (D:4)
  6 orc wizards
  2 orc priests
  Jessica (D:2)
  4 worker ants
  A hound skeleton (D:4)
  3 adders
  A shadow imp (D:5)
  4 oozes
  2 worms (D:2)
  A dart slug (D:1)
  3 leopard geckos
  9 orcs
  A ball python (D:3)
  8 bats
  3 giant cockroaches
  6 hobgoblins
  A kobold (D:2)
  A quokka (D:2)
  3 frilled lizards
  11 goblins
  A jackal skeleton (D:4)
  13 rats
90 creatures vanquished.

Vanquished Creatures (others)
  A worm (D:3)
  A frilled lizard (D:3)
  3 rats (D:3)
5 creatures vanquished.

Grand Total: 95 creatures vanquished

Notes
Turn   | Place    | Note
-------+----------+-------------------------------------------
     0 | D:1      | nht the Hill Orc Gladiator began the quest for the Orb.
     0 | D:1      | Reached XP level 1. HP: 18/18 MP: 1/1
    79 | D:1      | Reached XP level 2. HP: 19/25 MP: 2/2
   255 | D:1      | Reached skill level 5 in Axes
   491 | D:1      | Reached XP level 3. HP: 30/30 MP: 3/3
   926 | D:2      | Found a glowing golden altar of the Shining One.
  1082 | D:2      | Noticed Jessica
  1089 | D:2      | Killed Jessica
  1089 | D:2      | Reached skill level 6 in Axes
  1089 | D:2      | Reached XP level 4. HP: 36/37 MP: 4/4
  1560 | D:2      | Reached skill level 7 in Axes
  1679 | D:3      | Reached XP level 5. HP: 11/42 MP: 5/5
  1902 | D:3      | Became a worshipper of Beogh the Brigand
  2599 | D:4      | Reached skill level 8 in Axes
  2636 | D:4      | Reached XP level 6. HP: 23/50 MP: 6/6
  2646 | D:4      | Reached skill level 9 in Axes
  2655 | D:4      | Found Inla's Weapon Emporium.
  2894 | D:4      | Found a staircase to the Ecumenical Temple.
  2958 | D:4      | Reached skill level 10 in Axes
  2958 | D:4      | Reached XP level 7. HP: 54/56 MP: 7/7
  3313 | D:4      | Reached * piety under Beogh
  3313 | D:4      | Reached skill level 11 in Axes
  3357 | D:5      | Entered Level 5 of the Dungeon
  3548 | D:5      | HP: 2/56 [poisoned by an orc]
  3559 | D:5      | HP: 2/56 [poisoned by an orc]
  3562 | D:5      | Succumbed to an orc's poison

Vault maps used:
D:1:      eino_arrival_cavern_a
D:2:      lemuel_crystal_altar, uniq_jessica
D:3:      first_bread, serial_park_tiny_pond, due_unseen_surprise
D:4:      minmay_temple_entry_mist, minmay_shop_grid_forest
D:5:      uniq_crazy_yiuf_cottage, uniq_grinder

Skill      XL: |  1  2  3  4  5  6  7 |
---------------+----------------------+-----
Axes           | 5 6 7 8 10 11 | 11.7
Fighting       | |  2.4
Throwing       | |  1.7
Dodging        | |  2.4

Action                   |  1- 3 |  4- 6 |  7- 9 || total
-------------------------+-------+-------+-------++-------
Melee: War axe           |    88 |   138 |   136 ||   362
Invok: Convert to Beogh  |       |     1 |       ||     1
 Abil: Evoke Berserk Rag |       |       |     1 ||     1
  Use: Scroll            |       |    10 |     1 ||    11
       Potion            |       |     2 |     9 ||    11
 Stab: Invisible         |       |       |     2 ||     2
  Eat: Chunk             |     1 |     5 |     1 ||     7
       Royal jelly       |       |       |     1 ||     1
Armor: Leather armour    |    20 |    34 |       ||    54
       Plate armour      |       |    31 |    81 ||   112
       Skin              |       |     3 |       ||     3
Dodge: Dodged            |    55 |    62 |    57 ||   174
